 Dungeon Crawl Stone Soup version 0.19.1-1-g22dce08 (webtiles) character file.

10047 Kwzr the Grappler (level 11, -12/109 HPs)
             Began as a Troll Monk on Jan 7, 2017.
             Was a Follower of Uskayaw.
             Mangled by an orc warrior
             ... wielding a +0 trident
              (21 damage)
             ... while paralysed by an orc
             ... on level 10 of the Dungeon.
             The game lasted 00:47:48 (8546 turns).

Kwzr the Grappler (Troll Monk)                      Turns: 8546, Time: 00:47:49

Health: -12/109    AC:  7    Str: 26    XL:     11   Next: 31%
Magic:  19/19      EV:  1    Int:  6    God:    Uskayaw [*.....]
Gold:   537        SH:  0    Dex: 10    Spells: 0 memorised, 10 levels left

rFire  + . .     SeeInvis .       - Unarmed
rCold  . . .     Gourm    +     H - +2 robe {rF+}
rNeg   . . .     Faith    .     (no shield)
rPois  +         Spirit   .     (helmet restricted)
rElec  .         Reflect  .     (no cloak)
rCorr  .         Harm     .     (gloves unavailable)
MR     +....                    (boots unavailable)
Stlth  +.........               (no amulet)
                                I - ring of magical power
                                j - ring of poison resistance

@: paralysed
A: unfitting armour, claws 3, clumsy 1, fast metabolism 3, gourmand, magic
resistance 1, regeneration 1, shaggy fur 1, strong 1, tough skin 2
a: Stomp, Renounce Religion


You were on level 10 of the Dungeon.
You worshipped Uskayaw.
Uskayaw was noncommittal.
You were completely stuffed.

You visited 2 branches of the dungeon, and saw 11 of its levels.
You also visited: Sewer.

You collected 537 gold pieces.

Inventory:

Hand Weapons
 B - a +3 great sword
 O - the +8 whip "Benaoc" {venom, rC+ MR++ SInv Stlth-}
   (You found it on level 8 of the Dungeon)

   It poisons the flesh of those it strikes.
   It protects you from cold.
   It affects your resistance to hostile enchantments.
   It lets you see invisible.
   It makes you less stealthy.
Missiles
 d - 287 stones
 k - 3 needles of sleeping
 w - 35 poisoned needles
 D - a throwing net
 Q - 4 large rocks
 S - 14 tomahawks (quivered)
Armour
 a - a +0 robe
 H - a +2 robe of fire resistance (worn)
Jewellery
 j - a ring of poison resistance (left claw)
 A - an uncursed ring of teleportation
 F - an uncursed ring of flight
 I - a ring of magical power (right claw)
 N - an uncursed ring of fire
Wands
 t - a wand of enslavement (14/24)
 v - a wand of hasting (3/9)
 z - a wand of confusion (5/48)
 J - a wand of acid (2/15)
Scrolls
 c - 3 scrolls of random uselessness {unknown}
 e - 7 scrolls of remove curse
 g - 4 scrolls of identify
 l - 2 scrolls of fear {unknown}
 p - 7 scrolls of teleportation {unknown}
 q - 3 scrolls of blinking {unknown}
 r - a scroll of brand weapon {unknown}
 u - a scroll of recharging {unknown}
 y - a scroll of magic mapping {unknown}
 C - a scroll of amnesia {unknown}
 E - 3 scrolls of enchant armour {unknown}
 G - 2 scrolls of fog {unknown}
 L - 6 scrolls of enchant weapon {unknown}
Potions
 h - 2 potions of flight
 i - 2 potions of agility
 n - 2 potions of might
 o - a potion of haste
 s - 2 potions of heal wounds
 x - a potion of cancellation
 M - a potion of curing
 T - a potion of magic
Books
 P - a book of Necromancy

   Spells                             Type                      Level
   a - Pain                           Necromancy                   1
   b - Animate Skeleton               Necromancy                   1
   c - Vampiric Draining              Necromancy                   3
   d - Regeneration                   Charms/Necromancy            3
   e - Animate Dead                   Necromancy                   4
   f - Control Undead                 Necromancy                   4
Comestibles
 b - 5 bread rations
 f - 2 beef jerkies
 m - 3 slices of pizza
 K - a royal jelly
 R - 7 chunks of flesh
 U - a meat ration


   Skills:
 + Level 7.4 Fighting
 + Level 7.2 Throwing
 * Level 8.4 Dodging
 - Level 1.0 Stealth
 * Level 10.3 Unarmed Combat


You had 10 spell levels left.
You didn't know any spells.

Dungeon Overview and Level Annotations

Branches:
Dungeon (10/15)            Temple (1/1) D:5            Lair (0/6) D:10
    Orc: D:9-12

Altars:
Ashenzari
Cheibriados
Dithmenos
Elyvilon
Fedhas
Gozag
Hepliaklqana
Kikubaaqudgha
Nemelex Xobeh
Okawaru
Qazlal
Ru
Trog
Uskayaw
Xom
Yredelemnul
The Shining One

Shops:
D:9 (


Innate Abilities, Weirdness & Mutations

You are too large for most types of armour.
You have claws for hands.
Your metabolism is lightning-fast.
You like to eat raw meat.
Your natural rate of healing is unusually fast.
You are covered in fur. (AC +1)
You have very tough skin. (AC +2)
You are clumsy. (Dex -2)
You are resistant to hostile enchantments. (MR+)
Your muscles are strong. (Str +2)


Message History

Found a flail.
Found a staircase to the Lair.
Some of the chunks of flesh in your inventory have rotted away.
The orc zaps a wand.
You resist with almost no effort. The orc hits you with a hand axe.
You scratch the orc but do no damage.
The orc zaps a wand.
You suddenly lose the ability to move!
The river rat bites you but does no damage.
The orc warrior hits you from afar with a trident!!
The orc completely misses you. The orc barely misses you.
The river rat bites you.
The orc warrior hits you from afar with a trident!
* * * LOW HITPOINT WARNING * * *
The orc hits you but does no damage. The orc hits you with a hand axe!
* * * LOW HITPOINT WARNING * * *
The river rat bites you.
* * * LOW HITPOINT WARNING * * *
The orc hits you but does no damage.
The orc warrior hits you from afar with a trident!!
You die...

.....#>)#P.P...........
....P#..'......%.#####
.P.P.####...P....##########
.P...P................
....P.................
..PP.....o.o....######
P..P....######..#
........######..#####
..........o@roo.......
..........o...........
........########......
######..# ..#### #..# ..#
#..# ... .... ... ##..


You could see an orc warrior, an orc priest, a river rat and 2 orcs.

Vanquished Creatures
  4 hill giants
  A cyclops (D:8)
  A deep elf mage (D:8)
  Psyche (D:8)
  A troll (D:10)
  A two-headed ogre (D:9)
  A hornet (D:8)
  Grinder (D:3)
  2 hippogriffs
  2 wraiths (D:7)
  2 yaks (D:10)
  2 hungry ghosts
  Menkaure (D:6)
  5 orc warriors
  2 ice beasts
  3 phantoms
  Purgy (Sewer)
  A black bear (D:8)
  A necrophage (D:7)
  2 sky beasts
  6 ogres
  3 centaurs
  A crocodile (D:10)
  A big kobold (D:10)
  A gnoll sergeant (D:6)
  A bullfrog (D:5)
  A scorpion (D:10)
  A killer bee (D:8)
  3 howler monkeys
  10 wights
  An electric eel (D:10)
  2 crimson imps
  2 bullfrog zombies
  2 human zombies (D:7)
  8 hounds
  A jelly (D:8)
  A centaur skeleton (D:8)
  5 orc priests
  2 bullfrog skeletons
  Jessica (D:2)
  Natasha (twice) (D:2)
  An iguana (D:8)
  10 orc wizards
  14 worker ants
  An ogre zombie (D:7)
  2 hound skeletons
  2 mummies (D:7)
  9 gnolls
  11 adders
  3 river rats (D:10)
  2 shadow imps
  3 oozes
  2 worms (D:3)
  4 dart slugs
  4 leopard geckos
  49 orcs
  13 bats
  7 giant cockroaches
  5 goblins
  10 hobgoblins
  22 jackals
  3 quokkas
  3 ball pythons
  9 frilled lizards
  A jackal zombie (D:5)
  8 kobolds
  An orc zombie (D:7)
  2 quokka skeletons
  7 rats
298 creatures vanquished.

Vanquished Creatures (others)
  5 fungi (D:10)
5 creatures vanquished.

Grand Total: 303 creatures vanquished

Notes
Turn   | Place    | Note
-------+----------+-------------------------------------------
     0 | D:1      | Kwzr the Troll Monk began the quest for the Orb.
     0 | D:1      | Reached XP level 1. HP: 22/22 MP: 0/0
   134 | D:1      | Reached XP level 2. HP: 28/29 MP: 1/1
   635 | D:2      | Noticed a water elemental
   651 | D:2      | Reached XP level 3. HP: 36/36 MP: 2/2
   680 | D:2      | Noticed an air elemental
   685 | D:2      | Found a stormy altar of Qazlal.
   686 | D:2      | Noticed a fire elemental
   686 | D:2      | Noticed an earth elemental
   814 | D:2      | Noticed Jessica
   821 | D:2      | Killed Jessica
   821 | D:2      | Reached skill level 1 in Throwing
   821 | D:2      | Reached XP level 4. HP: 45/45 MP: 3/3
   903 | D:2      | Noticed Natasha
   912 | D:2      | Killed Natasha
  1091 | D:2      | Noticed Natasha
  1110 | D:2      | Killed Natasha
  1110 | D:2      | Reached XP level 5. HP: 41/53 MP: 4/4
  1182 | D:3      | Found a shimmering altar of Xom.
  1491 | D:3      | Reached skill level 4 in Unarmed Combat
  1517 | D:3      | Found a glowing drain.
  1521 | Sewer    | Entered a sewer
  1541 | Sewer    | Noticed Purgy
  1553 | Sewer    | Killed Purgy
  1553 | Sewer    | Reached XP level 6. HP: 35/61 MP: 5/5
  1660 | Sewer    | Gained mutation: You are resistant to hostile enchantments. (MR+) [potion of mutation]
  1660 | Sewer    | Gained mutation: Your muscles are strong. (Str +2) [potion of mutation]
  1660 | Sewer    | Gained mutation: You are clumsy. (Dex -2) [potion of mutation]
  1921 | D:3      | Noticed Grinder
  1930 | D:3      | Killed Grinder
  1930 | D:3      | Reached XP level 7. HP: 47/68 MP: 6/6
  2018 | D:3      | Found a sparkling altar of Nemelex Xobeh.
  2626 | D:4      | Reached skill level 5 in Unarmed Combat
  2815 | D:4      | Found a glowing golden altar of the Shining One.
  2858 | D:4      | Found an ancient bone altar of Kikubaaqudgha.
  3160 | D:5      | Entered Level 5 of the Dungeon
  3195 | D:5      | Reached XP level 8. HP: 79/79 MP: 7/7
  3284 | D:5      | Found a staircase to the Ecumenical Temple.
  3293 | Temple   | Entered the Ecumenical Temple
  3308 | Temple   | Became a worshipper of Uskayaw the Reveler
  3308 | Temple   | Reached * piety under Uskayaw
  3329 | D:5      | Reached ** piety under Uskayaw
  3360 | D:5      | Found a sacrificial altar of Ru.
  3446 | D:5      | Reached skill level 5 in Dodging
  3457 | D:5      | Reached *** piety under Uskayaw
  4085 | D:6      | Reached skill level 5 in Fighting
  4463 | D:6      | Reached skill level 6 in Unarmed Combat
  5222 | D:6      | Noticed Menkaure
  5230 | D:6      | Killed Menkaure
  5230 | D:6      | Reached skill level 5 in Throwing
  5230 | D:6      | Reached XP level 9. HP: 88/88 MP: 8/8
  5383 | D:7      | Found a hazy altar of Hepliaklqana.
  5439 | D:7      | Reached **** piety under Uskayaw
  5458 | D:7      | Reached skill level 7 in Unarmed Combat
  5579 | D:7      | Found a basalt altar of Yredelemnul.
  5925 | D:7      | Found a white marble altar of Elyvilon.
  6157 | D:8      | Found a blossoming altar of Fedhas.
  6158 | D:8      | Noticed Psyche
  6170 | D:8      | Killed Psyche
  6233 | D:8      | Reached skill level 8 in Unarmed Combat
  6504 | D:8      | Paralysed by a hornet for 2 turns
  6512 | D:8      | Reached XP level 10. HP: 64/100 MP: 9/9
  6791 | D:8      | Found a shadowy altar of Dithmenos.
  6806 | D:8      | Noticed a deep elf mage
  6826 | D:8      | Killed a deep elf mage
  6849 | D:8      | Got a warped whip
  6850 | D:8      | Identified the +8 whip "Benaoc" {venom, rC+ MR++ SInv Stlth-} (You found it on level 8 of the Dungeon)
  6917 | D:8      | Noticed a cyclops
  6935 | D:8      | Killed a cyclops
  7124 | D:8      | Reached skill level 9 in Unarmed Combat
  7139 | D:8      | Reached ***** piety under Uskayaw
  7223 | D:9      | Found Kuxzinixt's Weapon Boutique.
  7292 | D:9      | Noticed a hill giant
  7298 | D:9      | Killed a hill giant
  7486 | D:9      | Found an iron altar of Okawaru.
  7902 | D:10     | Entered Level 10 of the Dungeon
  7902 | D:10     | Noticed a hill giant
  7918 | D:9      | Killed a hill giant
  7990 | D:10     | Reached XP level 11. HP: 97/109 MP: 10/10
  8179 | D:10     | Reached skill level 10 in Unarmed Combat
  8334 | D:10     | Noticed a hill giant
  8338 | D:10     | Killed a hill giant
  8412 | D:10     | Noticed a hill giant
  8420 | D:10     | Killed a hill giant
  8532 | D:10     | Found a staircase to the Lair.
  8543 | D:10     | Paralysed by an orc for 5 turns
  8546 | D:10     | Mangled by an orc warrior

Skill      XL: |  1  2  3  4  5  6  7  8  9 10 11 |
---------------+----------------------------------+-----
Dodging        | 3 4 5 6 7 8 |  8.4
Fighting       | 3 4 5 6 7 |  7.4
Throwing       | 1 2 3 5 6 7 |  7.2
Unarmed Combat | 4 5 6 8 9 10 | 10.3
Stealth        | |  1.0

Action                   |  1- 3 |  4- 6 |  7- 9 | 10-12 || total
-------------------------+-------+-------+-------+-------++-------
Melee: Unarmed           |    69 |   146 |   421 |   241 ||   877
       Punch             |     4 |     1 |    10 |     5 ||    20
Throw: Stone             |     5 |    14 |   120 |    71 ||   210
       Tomahawk          |       |       |    23 |    43 ||    66
       Large rock        |       |       |       |    10 ||    10
Invok: Stomp             |       |       |     1 |       ||     1
Evoke: Wand              |       |       |     2 |     3 ||     5
  Use: Potion            |       |     6 |     2 |       ||     8
       Scroll            |       |       |     7 |       ||     7
 Stab: Sleeping          |     1 |     2 |     2 |       ||     5
       Paralysed         |       |       |     8 |     9 ||    17
       Distracted        |       |       |     1 |       ||     1
       Confused          |       |       |     1 |       ||     1
  Eat: Chunk             |    12 |    12 |    43 |    27 ||    94
Armor: Robe              |    25 |    34 |    83 |    44 ||   186
Dodge: Dodged            |    35 |    69 |   224 |   110 ||   438
